 Dungeon Crawl Stone Soup version 0.13-a0-2484-gc765b08 (webtiles) character file.

188 horsemans the Cudgeler (level 3, -9/39 HPs)
             Began as a Troll Berserker on July 21, 2013.
             Was a Believer of Trog.
             Succumbed to a kobold's curare-tipped needle
             ... on Level 3 of the Dungeon.
             The game lasted 00:05:35 (1293 turns).

horsemans the Cudgeler (Troll Berserker)            Turns: 1293, Time: 00:05:35

HP  -9/39        AC  5     Str 26      XL: 3   Next: 30%
MP   1/1         EV 10     Int  3      God: Trog [**....]
Gold 148         SH  0     Dex  9      Spells:  0 memorised,  2 levels left

Res.Fire  : . . .   See Invis. : .   a - +0 mace
Res.Cold  : . . .   Warding    : .   b - +0 animal skin
Life Prot.: . . .   Conserve   : .   (shield restricted)
Res.Poison: .       Res.Corr.  : .   (helmet restricted)
Res.Elec. : .       Clarity    : .   (no cloak)
Sust.Abil.: . .     Spirit.Shd : .   (gloves unavailable)
Res.Mut.  : .       Stasis     : .   (boots unavailable)
Res.Rott. : .       Flight     : .   (no amulet)
Gourmand  : +                        (no ring)
                                     (no ring)

@: short of breath, extremely poisoned, slowed, very slow, not resistant to
hostile enchantments, very unstealthy
A: unfitting armour, claws 3, fast metabolism 3, gourmand, regeneration 2,
saprovore 2, tough skin 2, AC +1
a: Burn Spellbooks, Berserk, Trog's Hand, Renounce Religion


You were on level 3 of the Dungeon.
You worshipped Trog.
Trog was most pleased with you.
You were not hungry.

You visited 1 branch of the dungeon, and saw 3 of its levels.

You collected 128 gold pieces.

Inventory:

Hand weapons
 a - a +0,+0 mace (weapon)
 d - a +0,+0 dagger (quivered)
 i - a +0,+0 sling
 j - a -1,+0 orcish club
Missiles
 g - 3 darts
 o - 14 darts of frost
Armour
 b - a +0 animal skin (worn)
 h - a +0 large shield
 m - a +1 dwarven ring mail
Comestibles
 c - 2 meat rations
 f - 2 bread rations
Scrolls
 e - 2 scrolls of recharging {unknown}
 l - 3 scrolls of remove curse {unknown}
 n - 2 scrolls of teleportation {unknown}
 q - 3 scrolls of identify {unknown}
 r - a scroll of enchant armour {unknown}
 s - 2 scrolls of amnesia {unknown}
 w - 2 scrolls of curse jewellery {unknown}
 y - a scroll of magic mapping {unknown}
Potions
 k - 2 potions of curing {unknown}
 p - 2 potions of speed {unknown}
 t - a potion of cure mutation {unknown}
 u - a potion of brilliance {unknown}
 x - a potion of blood {unknown}


   Skills:
 + Level 2.9 Fighting
 + Level 3.2 Maces & Flails
 + Level 3.0 Dodging


You had 2 spell levels left.
You didn't know any spells.

Dungeon Overview and Level Annotations

Branches:
Dungeon (3/27)

Altars:


Innate Abilities, Weirdness & Mutations

You are too large for most types of armour.
You have claws for hands.
Your metabolism is lightning-fast.
You like to eat raw meat.
You heal very quickly.
You can eat rotten meat.
You are covered in fur (AC +1).
You have very tough skin (AC +2).


Message History

You feel as though you will be slow longer.
You see here 2 curare-tipped needles.
You feel sick.
The kobold shoots a curare-tipped needle.
The curare-tipped needle hits you!
You are more poisoned.
You have difficulty breathing.
* * * LOW HITPOINT WARNING * * *
You feel as though you will be slow longer.
* * * LOW HITPOINT WARNING * * *
You see here a curare-tipped needle.
* * * LOW HITPOINT WARNING * * *
You feel very sick.
The kobold shoots a curare-tipped needle.
The curare-tipped needle hits you!
* * * LOW HITPOINT WARNING * * *
You see here a curare-tipped needle.
* * * LOW HITPOINT WARNING * * *
You feel very sick.
You die...

#........#
#.......(#
#######(##
#.# #(#
##(# #(.#
##.## #@.#
##.## #..#
#.## #.#
#.# #.#
###'#######
#.........#


There were no monsters in sight!

Vanquished Creatures
  An adder (D:2)
  A worm (D:2)
  A giant gecko (D:2)
  2 ball pythons
  4 bats
  7 goblins
  A hobgoblin (D:1)
  2 giant cockroaches
  2 giant newts
  3 kobolds
  4 rats
28 creatures vanquished.

Notes
Turn   | Place    | Note
--------------------------------------------------------------
     0 | D:1      | horsemans, the Troll Berserker, began the quest for the Orb.
     0 | D:1      | Reached XP level 1. HP: 23/23 MP: 0/0
   252 | D:1      | Reached XP level 2. HP: 31/31 MP: 0/0
   627 | D:1      | Acquired Trog's second power
   695 | D:2      | Reached skill level 3 in Maces & Flails
  1017 | D:2      | Reached XP level 3. HP: 39/39 MP: 1/1
  1293 | D:3      | Succumbed to a kobold's curare-tipped needle

Action                   || total
-------------------------++-------
Melee: Mace              ||    87
